 Dungeon Crawl Stone Soup version 0.31-a0-177-g4aa6249778 (webtiles) character file.

Game seed: 10107500319761346661

88 qw the Chopper (level 4, -1/28 HPs)
             Began as a Gargoyle Fighter on June 18, 2023.
             Slain by a gnoll
             ... wielding a +0 spear
              (6 damage)
             ... on level 2 of the Dungeon.
             The game lasted 00:00:49 (1197 turns).

qw the Chopper (Gargoyle Fighter)                   Turns: 1197, Time: 00:00:50

Health: -1/28      AC: 10    Str: 21    XL:     4   Next: 53%
Magic:  0/4        EV:  9    Int:  9    God:
Gold:   166        SH:  4    Dex:  9    Spells: 3/3 levels left

rFire   . . .        Y - +0 war axe
rCold   . . .        c - +0 buckler
rNeg    + . .        b - +0 scale mail
rPois   inf          (no helmet)
rElec   +            (no cloak)
rCorr   .            (no gloves)
SInv    +            (no boots)
Will    .....        e - amulet of guardian spirit Stlth
                     g - ring of see invisible
HPRegen 0.24/turn    (no ring)
MPRegen 0.09/turn

%: guardian spirit
@: no status effects
A: sickness immunity, AC +3, negative energy resistance 1, electricity
resistance, torment resistance 1, petrification resistance
a: no special abilities


You were on level 2 of the Dungeon.
You visited 1 branch of the dungeon, and saw 2 of its levels.

You collected 166 gold pieces.


Innate Abilities, Weirdness & Mutations

You are immune to sickness and miasma.
Your stone body is resilient. (AC +3)
You are immune to poison.
You resist negative energy. (rN+)
You are resistant to electric shocks. (rElec)
You are resistant to unholy torment.
You are immune to petrification.


   Skills:
 - Level 3.2 Fighting
 + Level 4.2 Axes
 - Level 3.2 Armour
 - Level 3.2 Shields


You had 3 spell levels left.
You didn't know any spells.
Your spell library was empty.

Inventory:

Hand Weapons
 h - a +0 club
 Y - a +0 war axe (weapon)
Armour
 b - a +0 scale mail (worn)
 c - a +0 buckler (worn)
 m - a +0 chain mail
 o - a +1 pair of boots
Jewellery
 e - an amulet of guardian spirit (around neck)
 g - a ring of see invisible (left hand)
 l - a ring of willpower
Scrolls
 a - 4 scrolls of identify
 i - a scroll of immolation {unknown}
 j - a scroll of teleportation {unknown}
 n - a scroll of fear {unknown}
Potions
 d - a potion of might
 f - a potion of mutation {unknown}
 k - a potion of invisibility {unknown}

Dungeon Overview and Level Annotations

Branches:
Dungeon (2/15)

Altars:


Message History

The gnoll hits you with a +0 spear. The gnoll barely misses you.
The gnoll hits you with a +0 spear.
You see here a +0 whip.
Enter note:
Enter note:
Enter note:
Enter note:
Enter note:
Enter note: You hit the gnoll but do no damage.
You slash the gnoll!
The gnoll hits you from afar with a +0 spear.
The gnoll closely misses you. The gnoll misses you.
You slash the gnoll!
You kill the gnoll!
You barely miss the gnoll. The gnoll hits you but does no damage.
You block the gnoll's attack.
Your Axes skill increases to level 4!
You hit the gnoll.
The gnoll is heavily wounded.
The gnoll hits you with a +0 spear. You block the gnoll's attack.
The gnoll hits you but does no damage. You block the gnoll's attack.
You slash the gnoll!
You kill the gnoll!
You block the gnoll's attack. The gnoll hits you with a +0 spear.
Things that are here:
a +0 spear; a scroll of identify
Enter note:
Enter note:
Enter note:
Enter note:
Enter note:
Enter note: You hit the gnoll.
The gnoll is moderately wounded.
The gnoll hits you but does no damage.
You hit the gnoll.
The gnoll is heavily wounded.
The gnoll hits you with a +0 spear.
You die...

..###.# # ..# #.#
..# #.# .##. ###
#.# ### .).. #.#
#.. ..... #.#
#.##..... #.#
#........ ## #.#
#g....## .####.#
#@)....# ......#
#)####.# ..#####
#.####.### <.#
#########.........
..#
#.........####.###
..# #.#########
..# #.# ..# #.#
..# #.#


You could see a gnoll.

Vanquished Creatures
  3 gnolls (D:2)
  An adder (D:2)
  4 dart slugs (D:1)
  A ball python (D:1)
  7 bats
  3 endoplasms (D:1)
  3 giant cockroaches (D:1)
  7 goblins
  4 hobgoblins
  3 kobolds
  3 rats
39 creatures vanquished.

Notes
Turn   | Place    | Note
-------+----------+-------------------------------------------
     0 | D:1      | qw the Gargoyle Fighter began the quest for the Orb.
     0 | D:1      | Reached XP level 1. HP: 14/14 MP: 1/1
     0 | D:1      | 0 ||| qw: Version: 0.3-a-5-g6f28e65
     0 | D:1      | 0 ||| qw: Game counter: 587
     0 | D:1      | 0 ||| qw: Always use a shield: true
     0 | D:1      | 0 ||| qw: God list: Okawaru
     0 | D:1      | 0 ||| qw: Allow faded altars: false
     0 | D:1      | 0 ||| qw: Do Orc after D:15 true
     0 | D:1      | 0 ||| qw: Do second Lair branch before Depths: true
     0 | D:1      | 0 ||| qw: Lair rune preference: random
     0 | D:1      | 0 ||| qw: Plans: Normal, Zot:1-4, Slime:5, God:TSO, Crypt,
                  | Tomb, Abyss, Pan, Hells, Win
     0 | D:1      | 0 ||| PLANNING D:1-11
    52 | D:1      | Reached skill level 2 in Axes
    79 | D:1      | Found a faded altar of an unknown god.
    87 | D:1      | Reached XP level 2. HP: 15/19 MP: 2/2
   196 | D:1      | 196 ||| Stepping ~*~*~tactically~*~*~ (hiding).
   198 | D:1      | 198 ||| Stepping ~*~*~tactically~*~*~ (hiding).
   255 | D:1      | Reached skill level 3 in Axes
   295 | D:1      | Reached XP level 3. HP: 12/23 MP: 3/3
   478 | D:1      | 478 ||| Stepping ~*~*~tactically~*~*~ (stealth).
   834 | D:1      | 834 ||| UPGRADING to amulet of guardian spirit.
   839 | D:1      | 839 ||| UPGRADING to ring of see invisible.
   840 | D:1      | 840 ||| READING 2 scrolls labelled VUEQUH DYBIASA.
   841 | D:1      | 841 ||| READING scroll labelled RIEWUOM XOEBITZ.
   842 | D:1      | 842 ||| READING scroll labelled TYERCH WAHUM.
  1149 | D:2      | Reached XP level 4. HP: 28/28 MP: 4/4
  1177 | D:2      | 1177 ||| Stepping ~*~*~tactically~*~*~ (hiding).
  1182 | D:2      | 1182 ||| Stepping ~*~*~tactically~*~*~ (hiding).
  1193 | D:2      | Reached skill level 4 in Axes
  1195 | D:2      | HP: 4/28 [gnoll/+0 spear (4)]
  1197 | D:2      | Slain by a gnoll

Levels and vault maps discovered:
D:1:      dpeg_arrival_more_subterranean_lakeside_camping, layout_loops_ring,
          hellmonk_ecumenical_altar_run_dry
D:2:      layout_loops_ring

Skill      XL: |  1  2  3  4 |
---------------+-------------+-----
Axes           | 2 3 4 |  4.2
Fighting       | |  3.2
Armour         | |  3.2
Shields        | |  3.2

Action                     |  1- 3 |  4- 6 || total
---------------------------+-------+-------++-------
  Melee: War axe           |   128 |    11 ||   139
    Use: Scroll            |     3 |       ||     3
 Armour: Scale mail        |    78 |    10 ||    88
  Dodge: Dodged            |    55 |    11 ||    66
  Block: Buckler           |    23 |     6 ||    29

Table legend:
 A = Non-vault XP
 B = Vault XP
 C = Vault XP percentage of total XP
 D = Non-vault monster count
 E = Vault monster count
 F = Vault count percentage of total count
                 A         B        C        D         E       F
            +---------+---------+-------+---------+---------+-------
      Total |     126 |       0 |   0.0 |      39 |       0 |   0.0
            +---------+---------+-------+---------+---------+-------
        D:1 |      58 |       0 |   0.0 |      27 |       0 |   0.0
        D:2 |      68 |       0 |   0.0 |      12 |       0 |   0.0
            +---------+---------+-------+---------+---------+-------
